 Dungeon Crawl Stone Soup version 0.24.0-37-gcf1ca852f1 (webtiles) character file.

Game seed: 10142392688985823314, levelgen mode: deterministic

49 FishyPogo the Insei (level 3, -3/28 HPs)
             Began as a Gnoll Transmuter on Dec 7, 2019.
             Slain by a goblin (4 damage)
             ... led by Robin
             ... on level 2 of the Dungeon.
             The game lasted 00:03:52 (999 turns).

FishyPogo the Insei (Gnoll Transmuter)               Turns: 999, Time: 00:03:53

Health: -3/28      AC:  2    Str: 10 (12) XL:     3   Next: 75%
Magic:  9/9        EV: 20    Int: 14 (15) God:
Gold:   70         SH:  0    Dex: 19 (21) Spells: 8/12 levels left

rFire    . . .     SeeInvis .     - Unarmed
rCold    . . .     Gourm    .   (no shield)
rNeg     . . .     Faith    .   b - +0 robe
rPois    .         Spirit   .   (no helmet)
rElec    .         Reflect  .   h - scarf {repulsion}
rCorr    .         Harm     .   (no gloves)
MR       .....                  (no boots)
Stlth    +++.......             (no amulet)
HPRegen  0.09/turn              (no ring)
MPRegen  0.11/turn              (no ring)

@: agile, flying, repel missiles
A: distributed training, fangs 1, strong nose
a: no special abilities


You were on level 2 of the Dungeon.
You were not hungry.

You visited 1 branch of the dungeon, and saw 2 of its levels.

You collected 70 gold pieces.

Inventory:

Missiles
 a - 12 arrows
 e - 20 stones (quivered)
 g - 18 poisoned darts
Armour
 b - a +0 robe (worn)
 h - a scarf of repulsion (worn)
Scrolls
 c - 3 scrolls of remove curse {unknown}
 l - a scroll of enchant armour {unknown}
Comestibles
 d - 2 rations
 f - a chunk of flesh


   Skills:
 + Level 2.6 Fighting
 + Level 0.9 Short Blades
 + Level 0.9 Long Blades
 + Level 0.9 Axes
 + Level 0.9 Maces & Flails
 + Level 0.9 Polearms
 + Level 0.9 Staves
 + Level 0.9 Slings
 + Level 0.9 Bows
 + Level 0.9 Crossbows
 + Level 0.9 Throwing
 + Level 0.9 Armour
 + Level 4.5 Dodging
 + Level 0.9 Stealth
 + Level 0.9 Shields
 + Level 6.5 Unarmed Combat
 + Level 5.0 Spellcasting
 + Level 0.6 Conjurations
 + Level 0.6 Hexes
 + Level 0.6 Charms
 + Level 0.6 Summonings
 + Level 0.6 Necromancy
 + Level 0.6 Translocations
 + Level 3.8 Transmutations
 + Level 0.6 Fire Magic
 + Level 0.6 Ice Magic
 + Level 0.6 Air Magic
 + Level 0.6 Earth Magic
 + Level 0.6 Poison Magic
 + Level 1.0 Invocations
 + Level 0.9 Evocations


You had 8 spell levels left.
You knew the following spells:

 Your Spells              Type           Power        Failure   Level  Hunger
u - Spider Form           Tmut/Pois      #.........   22%         3    ###....
y - Beastly Appendage     Tmut           ##....       3%          1    None

Your spell library contained the following spells:

 Spells                   Type           Power        Failure   Level  Hunger
 Sticks to Snakes         Tmut           ##......     5%          2    ##.....
 Ice Form                 Ice/Tmut       #.......     56%         4    ####...
 Blade Hands              Tmut           ##........   71%         5    ######.


Dungeon Overview and Level Annotations

Branches:
Dungeon (2/15)

Altars:

Annotations:
D:2 Robin


Innate Abilities, Weirdness & Mutations

Your experience applies equally to all skills.
You have very sharp teeth.
Your uncanny sense of smell can sniff out nearby items.


Message History

The goblin closely misses you.
It was a potion of agility.
You feel agile all of a sudden.
Robin says, "A pitiful Gnoll like you will never find the ORB!"
The goblin misses you. The goblin barely misses you. The goblin misses you.
The goblin barely misses you.
It was a potion of flight.
You feel very buoyant.
You fly up into the air.
The goblin closely misses you. The goblin misses you.
The goblin barely misses you. x2
The goblin completely misses you. The goblin misses you. The goblin misses you.
Robin throws the goblin at you!
* * * LOW HITPOINT WARNING * * *
The goblin misses you.
As you read the scroll labeled VUQ TOMOUTS, it crumbles to dust.
It is a scroll of enchant weapon.
You aren't carrying any weapons that can be enchanted.
The hobgoblin no longer looks unusually strong. x2
The goblin misses you. The goblin hits you.
You die...

#.# #.# #.# #.# #########
###########.# .........
.........##.###### ........#
########.##......# ...?....#
######...#.##......# ........#
#.g@g......##......# ........#
#.ggg......##......#
........####g.........##......#
......)))..gg####...#..........
###..........# #......#.######
######.....####......+.......
#...)......##.#....########
#..........##.#............
∆+......................>###


You could see Robin, 3 hobgoblins and 4 goblins.

Vanquished Creatures
  An ooze (D:1)
  2 dart slugs (D:1)
  A giant cockroach (D:2)
  3 hobgoblins
  5 kobolds (D:1)
  5 bats (D:1)
  A frilled lizard (D:1)
  13 goblins
  8 rats
39 creatures vanquished.

Notes
Turn   | Place    | Note
-------+----------+-------------------------------------------
     0 | D:1      | FishyPogo the Gnoll Transmuter began the quest for the Orb.
     0 | D:1      | Reached XP level 1. HP: 17/17 MP: 6/6
   128 | D:1      | Reached XP level 2. HP: 19/23 MP: 5/7
   338 | D:1      | Reached XP level 3. HP: 15/28 MP: 7/9
   367 | D:1      | Reached skill level 5 in Spellcasting
   445 | D:1      | Learned a level 3 spell: Spider Form
   909 | D:2      | Reached skill level 1 in Invocations
   976 | D:2      | Noticed Robin
   998 | D:2      | HP: 1/28 [Robin/goblin (3)]
   999 | D:2      | Slain by a goblin

Levels and vault maps discovered:
D:1:      saegor_arrival_simple_e, layout_basic
D:2:      wander_river, layout_basic, uniq_robin, uniq_sigmund

Skill      XL: |  1  2  3 |
---------------+----------+-----
Spellcasting   | 5 |  5.0
Invocations    | 1 |  1.0
Fighting       | |  2.6
Short Blades   | |  0.9
Long Blades    | |  0.9
Axes           | |  0.9
Maces & Flails | |  0.9
Polearms       | |  0.9
Staves         | |  0.9
Slings         | |  0.9
Bows           | |  0.9
Crossbows      | |  0.9
Throwing       | |  0.9
Armour         | |  0.9
Dodging        | |  4.5
Stealth        | |  0.9
Shields        | |  0.9
Unarmed Combat | |  6.5
Conjurations   | |  0.6
Hexes          | |  0.6
Charms         | |  0.6
Summonings     | |  0.6
Necromancy     | |  0.6
Translocations | |  0.6
Transmutations | |  3.8
Fire Magic     | |  0.6
Ice Magic      | |  0.6
Air Magic      | |  0.6
Earth Magic    | |  0.6
Poison Magic   | |  0.6
Evocations     | |  0.9

Action                   || total
-------------------------++-------
Melee: Unarmed           ||    85
       Headbutt          ||     3
       Bite              ||     6
       Kick              ||     1
 Cast: Beastly Appendage ||    10
       Spider Form       ||     5
  Use: Potion            ||     3
       Scroll            ||     1
 Stab: Sleeping          ||     2
  Eat: Chunk             ||     1
Armor: Robe              ||    19
       Skin              ||     2
Dodge: Dodged            ||    98
       Deflected         ||     1
